 Dungeon Crawl Stone Soup version 0.23.0 (webtiles) character file.

Game seed: 9605300278656519421

189 Lanoc the Slasher (level 5, -4/46 HPs)
             Began as a Draconian Berserker on Feb 11, 2019.
             Was a Believer of Trog.
             Slain by a worm (6 damage)
             ... on level 3 of the Dungeon.
             The game lasted 00:03:03 (1856 turns).

Lanoc the Slasher (Draconian Berserker)             Turns: 1856, Time: 00:03:04

Health: -4/46      AC:  5    Str: 20    XL:     5   Next: 40%
Magic:  5/5        EV: 13    Int:  8    God:    Trog [**....]
Gold:   54         SH:  0    Dex: 10    Spells: 4/4 levels left

rFire    . . .     SeeInvis .   a - +0 falchion
rCold    . . .     Gourm    .   (no shield)
rNeg     . . .     Faith    .   (armour unavailable)
rPois    .         Spirit   .   (helmet restricted)
rElec    .         Reflect  .   (no cloak)
rCorr    .         Harm     .   (no gloves)
MR       .....                  (no boots)
Stlth    +.........             (no amulet)
HPRegen  0.15/turn              (no ring)
MPRegen  0.09/turn              (no ring)

@: berserk cooldown, slowed, very slow
A: unfitting armour, cold-blooded, AC +5
a: Berserk, Trog's Hand, Renounce Religion


You were on level 3 of the Dungeon.
You worshipped Trog.
Trog was pleased with you.
You were very hungry.

You visited 1 branch of the dungeon, and saw 3 of its levels.

You collected 54 gold pieces.

Inventory:

Hand Weapons
 a - a +0 falchion (weapon)
Wands
 j - a wand of flame (9)
Scrolls
 d - a scroll of remove curse {unknown}
 e - 4 scrolls of teleportation {unknown}
Potions
 c - a potion of flight {unknown}
 f - a potion of heal wounds {unknown}
 g - a potion of mutation {unknown}
 h - 2 potions of agility {unknown}
 i - 3 potions of haste {unknown}
 k - 2 potions of brilliance {unknown}
Comestibles
 b - 4 rations


   Skills:
 + Level 4.2 Fighting
 * Level 5.1 Long Blades
 + Level 3.3 Dodging
 + Level 0.7 Stealth


You had 4 spell levels left.
You didn't know any spells.
Your spell library was empty.

Dungeon Overview and Level Annotations

Branches:
Dungeon (3/15)

Altars:


Innate Abilities, Weirdness & Mutations

Your plain brown scales are hard. (AC +5)
You cannot fit into any form of body armour.
You are cold-blooded and may be slowed by cold attacks.


Message History

You feel a strong urge to attack something.
You are no longer berserk.
You are exhausted.
You feel yourself slow down.
You hit the worm but do no damage. The worm bites you.
* * * LOW HITPOINT WARNING * * *
You hit the worm. You tail-slap the worm.
The worm is heavily wounded.
The worm bites you!
* * * LOW HITPOINT WARNING * * *
You hit the worm.
Your tail-slap misses the worm.
The worm is severely wounded.
The worm misses you.
You hit the worm.
The worm is almost dead.
The worm closely misses you.
You hit the worm but do no damage.
The worm is almost dead.
The worm bites you.
You die...

.#(.#...........#
##
.#.......#####.##
..# ##.......#
#.## #..#
#########
##.###...#
##(#...# ##)#.###
#)....# ##...#.#
#.@....# #.w....#
#......# ##.....#
...#### ####


You could see a worm.

Vanquished Creatures
  7 gnolls
  4 adders
  5 dart slugs
  4 giant cockroaches
  9 goblins
  9 hobgoblins
  12 jackals
  8 kobolds
  2 quokkas (D:2)
  6 bats
  3 frilled lizards
  5 rats
74 creatures vanquished.

Notes
Turn   | Place    | Note
-------+----------+-------------------------------------------
     0 | D:1      | Lanoc the Draconian Berserker began the quest for the Orb.
     0 | D:1      | Reached XP level 1. HP: 19/19 MP: 1/1
   139 | D:1      | Reached XP level 2. HP: 22/26 MP: 2/2
   486 | D:1      | Reached XP level 3. HP: 29/33 MP: 3/3
   660 | D:1      | Reached ** piety under Trog
   918 | D:2      | Reached skill level 4 in Long Blades
   985 | D:2      | Reached XP level 4. HP: 33/40 MP: 4/4
  1760 | D:2      | Reached XP level 5. HP: 35/46 MP: 5/5
  1843 | D:3      | Reached skill level 5 in Long Blades
  1853 | D:3      | HP: 2/46 [worm (12)]
  1856 | D:3      | Slain by a worm

Skill      XL: |  1  2  3  4  5 |
---------------+----------------+-----
Dodging        | 3 |  3.3
Long Blades    | 4 5 |  5.1
Fighting       | 4 |  4.2
Stealth        | |  0.7

Action                   |  1- 3 |  4- 6 || total
-------------------------+-------+-------++-------
Melee: Falchion          |   107 |    96 ||   203
       Tailslap          |    16 |    13 ||    29
Invok: Berserk           |       |     1 ||     1
 Stab: Sleeping          |     1 |       ||     1
       Distracted        |       |     1 ||     1
  Eat: Chunk             |       |     3 ||     3
Armor: Skin              |    23 |    25 ||    48
Dodge: Dodged            |    75 |    70 ||   145
       Rpst.: Falchion   |    25 |    24 ||    49
